AoeStats
← warchickens

Arabia

509152648Analyzed
1v1 RM · 6d ago on Sep 25, 2026· 32m 28s· 2 players
Game mode
Random Map
Map size
Tiny (2 player)
Population
200
Speed
Normal
Resources
Standard
Victory
Conquest
Starting age
Dark Age
Ending age
Imperial Age
RankedLock teamsTeams togetherTeam positionsShared explorationLock speedFull tech treeHidden civsTurbo modeCheats
Victory
Defeat
🇨🇦 Spanish · Canada
1335
+17
🇪🇸 Mongols · Spain
1354
-17
warchickens
8:21 Loom
10:50 Feudal Age
16:07 Castle Age
Madcap3005
7:17 Loom
9:50 Feudal Age
10:42 Double-Bit Axe
15:37 Wheelbarrow
19:03 Castle Age
17:46 Fletching
17:49 Horse Collar
19:01 Padded Archer Armor
20:05 Bodkin Arrow
21:26 Leather Archer Armor
22:20 Town Watch
23:52 Elite Skirmisher
Connection lost

Rejoining the realm…

Still unreachable

The connection could not be restored.

Session expired

The server has moved on; the page needs a fresh start.